 Dungeon Crawl Stone Soup version 0.23.2-30-g0e89c35649 (webtiles) character file.

Game seed: 566918262290148806

29033 Mrkan the Severer (level 13, -2/106 HPs)
             Began as a Demonspawn Berserker on June 23, 2019.
             Was a High Priest of Trog.
             Slain by a death yak (9 damage)
             ... on level 4 of the Lair of Beasts.
             The game lasted 00:36:17 (12057 turns).

Mrkan the Severer (Demonspawn Berserker)           Turns: 12057, Time: 00:36:19

Health: -2/106     AC: 23    Str: 26    XL:     13   Next: 13%
Magic:  13/13      EV:  9    Int:  8    God:    Trog [*****.]
Gold:   592        SH:  0    Dex: 15    Spells: 12/12 levels left

rFire    . . .     SeeInvis +   T - +6 war axe (chop)
rCold    + . .     Gourm    .   (no shield)
rNeg     . . .     Faith    .   A - +5 chain mail of Xuump {*Drain MR+ Regen+ Str+5}
rPois    .         Spirit   .   (helmet unavailable)
rElec    +         Reflect  .   h - +1 cloak
rCorr    .         Harm     .   q - +0 pair of gloves
MR       +....                  (no boots)
Stlth    ..........             (no amulet)
HPRegen  0.67/turn              s - ring of see invisible
MPRegen  0.13/turn              p - ring of protection from cold

@: berserk cooldown, slowed, very slow
A: horns 3, thin metallic scales 3, demonic guardian 1, foul stench 1, rot
immunity
a: Berserk, Trog's Hand, Brothers in Arms, Renounce Religion


You were on level 4 of the Lair of Beasts.
You worshipped Trog.
Trog was extremely pleased with you.
You were not hungry.

You visited 2 branches of the dungeon, and saw 15 of its levels.
You visited the Abyss 1 time.

You collected 820 gold pieces.
You spent 228 gold pieces at shops.

Inventory:

Hand Weapons
 e - a +0 hand axe of venom
 y - a +6 antimagic battleaxe
 L - a +1 antimagic battleaxe
 N - a +2 broad axe of electrocution
 Q - the +6 scimitar "Earthworm" {drain, rF++ Int+4}
   (You found it on level 11 of the Dungeon)

   A truly terrible weapon, it drains the life of those it strikes.
   It affects your intelligence (+4).
   It greatly protects you from fire.
 R - a +2 long sword of freezing
 T - a +6 war axe of chopping (weapon)
Missiles
 H - 3 javelins of penetration (quivered)
 K - 3 javelins
Armour
 h - a +1 cloak (worn)
 q - a +0 pair of gloves (worn)
 t - a +0 ring mail of poison resistance
 A - the +5 chain mail of Xuump (worn) {*Drain MR+ Regen+ Str+5}
   (You bought it in a shop on level 8 of the Dungeon)

   It affects your strength (+5).
   It affects your resistance to hostile enchantments.
   It increases your rate of regeneration.
   It causes draining when unequipped.
 P - a +0 plate armour
Jewellery
 b - an uncursed amulet of harm
 o - an uncursed ring of ice
 p - a ring of protection from cold (right hand)
 s - a ring of see invisible (left hand)
 x - an uncursed ring of positive energy
 M - a +2 ring of evasion
 S - a +3 ring of dexterity
 X - a cursed +3 ring of slaying {unknown}
Wands
 m - a wand of disintegration (15)
 u - a wand of polymorph (30)
 E - a wand of digging (4)
 F - a wand of paralysis (13)
 I - a wand of flame (31)
 O - a wand of iceblast (10)
Scrolls
 a - 4 scrolls of teleportation
 d - 2 scrolls of identify
 g - 8 scrolls of amnesia
 j - a scroll of blinking
 k - 7 scrolls of remove curse
 n - a scroll of random uselessness
 C - 2 scrolls of enchant armour
 G - a scroll of vulnerability
Potions
 f - a potion of resistance
 i - 4 potions of haste
 l - 2 potions of curing
 r - a potion of ambrosia {unknown}
 v - a potion of lignification
 w - 2 potions of brilliance
 z - 2 potions of flight {unknown}
 B - a potion of degeneration {unknown}
 D - a potion of berserk rage {unknown}
 J - 6 potions of might {unknown}
 U - a potion of agility
Comestibles
 c - 34 rations
 V - 9 chunks of flesh


   Skills:
 + Level 11.4 Fighting
 * Level 15.2 Axes
 - Level 5.2 Throwing
 + Level 7.3 Armour
 - Level 1.7 Dodging


You had 12 spell levels left.
You didn't know any spells.
Your spell library was empty.

Dungeon Overview and Level Annotations

Branches:
Dungeon (11/15)            Temple (0/1) D:5            Lair (4/6) D:11
 Shoals (0/4) Lair:2       Spider (0/4) Lair:3          Orc (0/2) D:9

Altars:
Ashenzari
Cheibriados
Kikubaaqudgha
Makhleb
Nemelex Xobeh
Okawaru
Qazlal
Sif Muna
Uskayaw
Xom
Yredelemnul
Zin

Shops:
D:5 }   D:8 [

Portals:
Gauntlet: Lair:1

Annotations:
Lair:4 3 runed translucent doors, KamiKatze's ghost, journeyman SpCj


Innate Abilities, Weirdness & Mutations

You have a pair of large horns on your head.
You are completely covered in thin metallic scales. (AC +4, rElec)
A weak demonic guardian rushes to your aid.
You may emit foul miasma when damaged in melee.
You are immune to rotting.


Message History

Your iron imp disappears in a puff of smoke!
Your quasit bites the death yak but does no damage.
Your quasit barely misses the death yak. x2
Your quasit bites the death yak but does no damage.
Your quasit claws the death yak but does no damage.
Your quasit barely misses the death yak.
The death yak closely misses you.
The death yak is engulfed in dark miasma.
The death yak looks as sick as possible!
The death yak seems to slow down.
The death yak gores your quasit!!
Your quasit dies!
The death yak bellows!
Okay, then.
You hit the death yak.
You headbutt the death yak, but do no damage.
The death yak is almost dead.
You kill the death yak!
Trog accepts your kill. The death yak gores you!
You die...

...............## ....
#................#.....
#...............†.P.....
#.......................
#....................>...
.........................
#........................
#...##....Y..###+++###...
..........@..#W(....(#...
P##..#......#....(..#
##........#?.(....# ....
##........#.....♣(#.....
#.........#.(.(.. .....
##.........#########[....
#........................
#........................
##.......÷...............


You could see a death yak.

Vanquished Creatures
  A tentacled starspawn (Abyss:2)
  Harold (D:8)
  A death knight (D:11)
  3 death yaks (Lair:4)
  Sonja (Lair:2)
  2 large abominations (Abyss:2)
  A manticore (D:11)
  A guardian serpent (Abyss:2)
  A black mamba (Lair:2)
  A naga mage (Abyss:2)
  A gargoyle (D:10)
  2 smoke demons (Abyss:2)
  4 spiny frogs
  2 hellwings (Abyss:2)
  2 freezing wraiths (D:11)
  3 komodo dragons
  A troll (D:9)
  A polar bear (Lair:3)
  A jumping spider (Lair:3)
  5 blink frogs
  A hippogriff (Lair:3)
  3 redbacks (Lair:3)
  2 wyverns
  3 wraiths
  A basilisk (Lair:2)
  11 yaks
  A hungry ghost (D:11)
  5 vampire mosquitoes (Lair:3)
  An insubstantial wisp (Lair:3)
  2 nagas (Abyss:2)
  10 water moccasins
  7 porcupines
  A sky beast (D:5)
  3 black bears
  3 phantoms
  2 ice beasts
  2 necrophages (D:8)
  6 orc warriors
  8 ogres
  8 centaurs
  6 crocodiles
  An elf zombie (D:8)
  3 big kobolds
  15 bullfrogs
  5 gnoll sergeants (D:9)
  A wyvern skeleton (D:7)
  2 scorpions (D:10)
  A troll zombie (D:8)
  5 killer bees (D:8)
  2 howler monkeys
  9 crimson imps
  A bullfrog zombie (D:9)
  2 centaur zombies
  5 human zombies (D:8)
  3 jellies
  8 orc priests
  11 hounds
  2 bullfrog skeletons
  2 iguanas
  11 orc wizards
  14 worker ants
  6 hell rats (Lair:3)
  A killer bee zombie (D:6)
  5 gnolls
  14 adders
  2 shadow imps
  2 adder zombies (D:7)
  An ooze (D:8)
  An adder skeleton (D:7)
  3 worms
  5 dart slugs
  7 leopard geckos
  34 orcs
  6 giant cockroaches
  10 goblins
  8 hobgoblins
  2 jackals (D:9)
  5 quokkas
  A ball python (D:1)
  6 bats
  5 frilled lizards
  18 kobolds
  A leopard gecko skeleton (D:4)
  An orc zombie (D:8)
  A quokka skeleton (D:6)
  9 rats
  3 fungi (Lair:3)
  2 plants (D:6)
  A starspawn tentacle (Abyss:2)
384 creatures vanquished.

Vanquished Creatures (collateral kills)
  A naga warrior (Abyss:2)
  A torpor snail (Lair:3)
  A tengu conjurer (D:11)
  2 hippogriffs
  2 blink frogs
  Prince Ribbit (Lair:2)
  A raiju (Abyss:2)
  A vampire (D:10)
  A yak (Lair:3)
  A basilisk (Lair:3)
  A hungry ghost (D:8)
  A vampire mosquito (Lair:3)
  A water moccasin (Lair:2)
  A sky beast (D:11)
  2 ogres
  3 centaurs (D:11)
  4 bullfrogs
  A gnoll sergeant (D:9)
  An orc priest (D:6)
  A hound (D:9)
  An iguana (D:5)
  A shadow imp (D:7)
  4 orcs
  A quokka (D:5)
35 creatures vanquished.

Vanquished Creatures (others)
  A centaur (D:11)
  3 fungi (Lair:3)
  A plant (D:11)
  2 starspawn tentacles (Abyss:2)
7 creatures vanquished.

Grand Total: 426 creatures vanquished

Notes
Turn   | Place    | Note
-------+----------+-------------------------------------------
     0 | D:1      | Mrkan the Demonspawn Berserker began the quest for the Orb.
     0 | D:1      | Reached XP level 1. HP: 18/18 MP: 1/1
    75 | D:1      | Reached skill level 3 in Axes
   166 | D:1      | Gained mutation: You are partially covered in thin metallic
                  | scales. (AC +2) [demonic ancestry]
   166 | D:1      | Reached XP level 2. HP: 9/24 MP: 2/2
   543 | D:1      | Gained mutation: You are mostly covered in thin metallic
                  | scales. (AC +3) [demonic ancestry]
   543 | D:1      | Reached XP level 3. HP: 28/29 MP: 3/3
   880 | D:2      | Reached ** piety under Trog
  1374 | D:2      | Reached skill level 4 in Axes
  1398 | D:2      | Gained mutation: You are completely covered in thin
                  | metallic scales. (AC +4, rElec) [demonic ancestry]
  1398 | D:2      | Reached XP level 4. HP: 27/37 MP: 4/4
  1617 | D:3      | Found an iron altar of Okawaru.
  1629 | D:3      | Found a snail-covered altar of Cheibriados.
  1857 | D:3      | Found a shattered altar of Ashenzari.
  1911 | D:3      | Found a stormy altar of Qazlal.
  1930 | D:3      | Found a glowing silver altar of Zin.
  2250 | D:3      | Found a deep blue altar of Sif Muna.
  2441 | D:4      | Gained mutation: You are immune to rotting. [demonic
                  | ancestry]
  2441 | D:4      | Reached XP level 5. HP: 41/42 MP: 5/5
  2486 | D:4      | Noticed an ogre
  2493 | D:4      | Killed an ogre
  2493 | D:4      | Reached skill level 5 in Axes
  2664 | D:4      | Reached *** piety under Trog
  2664 | D:4      | Reached XP level 6. HP: 28/49 MP: 6/6
  2832 | D:4      | Reached skill level 5 in Fighting
  2843 | D:4      | Reached skill level 6 in Axes
  3045 | D:4      | Gained mutation: A weak demonic guardian rushes to your
                  | aid. [demonic ancestry]
  3045 | D:4      | Reached XP level 7. HP: 36/56 MP: 7/7
  3674 | D:5      | Entered Level 5 of the Dungeon
  3675 | D:5      | Found a staircase to the Ecumenical Temple.
  3800 | D:5      | Reached skill level 7 in Axes
  4034 | D:5      | Reached XP level 8. HP: 64/64 MP: 8/8
  4141 | D:5      | Found Muutugas's Gadget Boutique.
  4326 | D:6      | Reached **** piety under Trog
  4394 | D:6      | Reached skill level 8 in Axes
  4851 | D:7      | Found a hide-covered altar of Uskayaw.
  5056 | D:7      | Reached skill level 9 in Axes
  5264 | D:7      | Gained mutation: You may emit foul miasma when damaged in
                  | melee. [demonic ancestry]
  5264 | D:7      | Reached XP level 9. HP: 72/72 MP: 9/9
  5767 | D:8      | Found Daxepid's Antique Armour Emporium.
  5770 | D:8      | Bought a spiked chain mail for 228 gold pieces
  5770 | D:8      | Identified the +5 chain mail of Xuump {*Drain MR+ Regen+
                  | Str+5} (You bought it in a shop on level 8 of the Dungeon)
  5824 | D:8      | Noticed Harold
  5840 | D:8      | Killed Harold
  5840 | D:8      | Reached skill level 10 in Axes
  6070 | D:8      | Reached skill level 11 in Axes
  6092 | D:8      | Reached ***** piety under Trog
  6092 | D:8      | Gained mutation: You have a pair of small horns on your
                  | head. [demonic ancestry]
  6092 | D:8      | Reached XP level 10. HP: 82/82 MP: 10/10
  6315 | D:8      | Found a basalt altar of Yredelemnul.
  6473 | D:8      | Found a sparkling altar of Nemelex Xobeh.
  6548 | D:8      | Found a burning altar of Makhleb.
  6930 | D:9      | Found a staircase to the Orcish Mines.
  6944 | D:9      | Received a gift from Trog
  6967 | D:9      | Reached skill level 12 in Axes
  7101 | D:9      | Reached skill level 10 in Fighting
  7473 | D:9      | Found a shimmering altar of Xom.
  7475 | D:9      | Found a stormy altar of Qazlal.
  7475 | D:9      | Found a shimmering altar of Xom.
  7477 | D:9      | Found a glowing silver altar of Zin.
  7477 | D:9      | Found a shimmering altar of Xom.
  7477 | D:9      | Found an ancient bone altar of Kikubaaqudgha.
  7674 | D:10     | Entered Level 10 of the Dungeon
  7705 | D:10     | Noticed a gargoyle
  7726 | D:10     | Killed a gargoyle
  7849 | D:10     | Received a gift from Trog
  7878 | D:10     | Gained mutation: You have a pair of horns on your head.
                  | [demonic ancestry]
  7878 | D:10     | Reached XP level 11. HP: 88/91 MP: 3/11
  8564 | D:11     | Reached skill level 1 in Throwing
  8589 | D:11     | Found a staircase to the Lair.
  8835 | D:11     | Noticed a death knight
  8847 | D:11     | Killed a death knight
  8848 | D:11     | Reached skill level 13 in Axes
  9289 | D:11     | Got an iridescent scimitar
  9397 | D:11     | Identified the +6 scimitar "Earthworm" {drain, rF++ Int+4}
                  | (You found it on level 11 of the Dungeon)
  9416 | Lair:1   | Entered Level 1 of the Lair of Beasts
  9487 | Lair:1   | Found a gate leading to a gauntlet.
  9911 | Lair:2   | Found a staircase to the Shoals.
  9941 | Lair:2   | Received a gift from Trog
 10005 | Lair:2   | Noticed Prince Ribbit
 10012 | Lair:2   | Killed Prince Ribbit
 10013 | Lair:2   | Noticed Sonja
 10019 | Lair:2   | Cast into level 2 of the Abyss (Sonja)
 10063 | Abyss:2  | Noticed a large abomination
 10078 | Abyss:2  | Noticed a large abomination
 10079 | Abyss:2  | Killed a large abomination
 10084 | Abyss:2  | Killed a large abomination
 10092 | Abyss:2  | Reached skill level 5 in Armour
 10181 | Abyss:2  | Gained mutation: You have a pair of large horns on your
                  | head. [demonic ancestry]
 10181 | Abyss:2  | Reached XP level 12. HP: 96/99 MP: 12/12
 10184 | Abyss:2  | Noticed a tentacled starspawn
 10195 | Abyss:2  | Noticed a naga warrior
 10210 | Abyss:2  | Killed a tentacled starspawn
 10210 | Abyss:2  | Reached skill level 14 in Axes
 10221 | Abyss:2  | Killed a naga warrior
 10234 | Lair:2   | Escaped the Abyss
 10257 | Lair:2   | Reached skill level 5 in Throwing
 10512 | Lair:2   | Killed Sonja
 10978 | Lair:3   | Found a hole to the Spider Nest.
 11334 | Lair:3   | Received a gift from Trog
 11437 | Lair:3   | Reached skill level 15 in Axes
 11991 | Lair:4   | Reached XP level 13. HP: 105/106 MP: 13/13
 12009 | Lair:4   | Found a runed translucent gate.
 12018 | Lair:4   | Found a runed translucent gate.
 12019 | Lair:4   | Found a runed translucent gate.
 12049 | Lair:4   | Noticed KamiKatze's ghost (journeyman SpCj)
 12051 | Lair:4   | HP: 5/106 [death yak (18)]
 12052 | Lair:4   | HP: 1/106 [death yak (4)]
 12057 | Lair:4   | Slain by a death yak

Skill      XL: |  1  2  3  4  5  6  7  8  9 10 11 12 |
---------------+-------------------------------------+-----
Axes           | 3 4 5 6 7 9 11 12 13 15 | 15.2
Fighting       | 4 5 6 7 8 10 11 | 11.4
Armour         | 2 5 7 |  7.3
Throwing       | 4 5 |  5.2
Dodging        | |  1.7

Action                   |  1- 3 |  4- 6 |  7- 9 | 10-12 | 13-15 || total
-------------------------+-------+-------+-------+-------+-------++-------
Melee: Hand axe          |   136 |   170 |   439 |   325 |       ||  1070
       Headbutt          |       |       |       |   189 |     9 ||   198
       Battleaxe         |       |       |       |   128 |       ||   128
       War axe           |       |       |       |   226 |    28 ||   254
Invok: Berserk           |     1 |     1 |     5 |     8 |     1 ||    16
       Trog's Hand       |       |     1 |     1 |     3 |       ||     5
       Brothers in Arms  |       |       |       |     2 |       ||     2
  Use: Scroll            |       |     2 |    12 |    10 |       ||    24
       Potion            |       |       |       |     2 |     2 ||     4
 Stab: Sleeping          |     1 |     1 |       |       |       ||     2
       Distracted        |       |       |     3 |     4 |     2 ||     9
  Eat: Chunk             |     3 |     7 |     9 |    19 |       ||    38
       Ration            |       |       |     2 |     4 |       ||     6
Armor: Animal skin       |    50 |    35 |       |       |       ||    85
       Ring mail         |       |    25 |   125 |       |       ||   150
       Chain mail        |       |       |    54 |   472 |     9 ||   535
Dodge: Dodged            |   103 |    80 |   200 |   320 |     5 ||   708
